[Event "ICC tourney 2148 (70 10)"]
[Site "Internet Chess Club"]
[Date "2020.11.22"]
[Round "4"]
[White "Phoenix25"]
[Black "Outschoorn"]
[Result "0-1"]
[ICCResult "White checkmated"]
[WhiteElo "249"]
[BlackElo "1153"]
[Opening "Philidor's defense"]
[ECO "C41"]
[NIC "KP.10"]
[Time "12:30:05"]
[TimeControl "4200+10"]

1. e4 e5 2. Nf3 d6 3. Nc3 Bg4 4. Be2 Bxf3 5. Bxf3 Nc6 6. O-O Nd4 7. Bg4 Nf6
8. Bh3 h6 9. b3 g5 10. Bb2 h5 11. g3 g4 12. Bg2 h4 13. Re1 Qd7 14. Kf1 hxg3
15. fxg3 O-O-O 16. Rb1 Rxh2 17. d3 Nxc2 18. Qxc2 Bg7 19. Kg1 Rdh8 20. Ne2 d5
21. Rf1 dxe4 22. dxe4 Qe6 23. Rbc1 Qb6+ 24. Rf2 Nd7 25. Bd4 exd4 26. Nf4 Be5
27. Nd5 Qd6 28. Rxf7 Bxg3 29. Nf6 Nxf6 30. Qc4 Qb6 31. a4 d3+ 32. Kf1 Qf2#
{White checkmated}
0-1

[Event "ICC tourney 2148 (70 10)"]
[Site "Internet Chess Club"]
[Date "2020.11.22"]
[Round "4"]
[White "WhitneyYocps2"]
[Black "anandurbarkar"]
[Result "1-0"]
[ICCResult "Black resigns"]
[WhiteElo "1204"]
[BlackElo "940"]
[Opening "English opening"]
[ECO "A20"]
[NIC "EO.24"]
[Time "12:30:01"]
[TimeControl "4200+10"]

1. c4 e5 2. g3 Nc6 3. Bg2 Nf6 4. Nc3 Bc5 5. e3 O-O 6. Nge2 b6 7. d4 exd4 8.
exd4 Bb4 9. O-O Bb7 10. a3 Bxc3 11. Nxc3 Rb8 12. Bg5 h6 13. Bf4 Ne7 14. Nb5
d6 15. Nxa7 Bxg2 16. Kxg2 c6 17. Re1 Ra8 18. Rxe7 Qxe7 19. Nxc6 Qe4+ 20. Qf3
Qxf3+ 21. Kxf3 Ra4 22. Bxd6 Rfa8 23. b3 R4a6 24. a4 Kh7 25. Bb4 Rc8 26. Ne7
Rc7 27. Nf5 Rd7 28. Rd1 g6 29. Nd6 Kg7 30. Nb5 Ne8 31. d5 Nc7 32. Nd4 f5 33.
Bc3 Kf7 34. Nc6 Ra8 35. Ne5+ Ke7 36. Nxd7 Kxd7 37. Bd4 Rb8 38. Rd3 Na6 39.
Bg7 Nb4 40. Re3 h5 41. Re6 g5 42. Bd4 Nc2 43. Bc3 g4+ 44. Kf4 Kc7 45. Be5+
Kb7 46. Bxb8 Kxb8 47. Rxb6+ Kc7 48. Rh6 Nd4 49. Rxh5 Kd6 50. a5 Kc5 51. a6
Kb6 52. Rh6+ Ka7 53. b4 {Black resigns} 1-0

[Event "ICC tourney 2148 (70 10)"]
[Site "Internet Chess Club"]
[Date "2020.11.22"]
[Round "4"]
[White "aravsaksena"]
[Black "joshbleicher"]
[Result "0-1"]
[ICCResult "White checkmated"]
[WhiteElo "1067"]
[BlackElo "766"]
[Opening "Two knights defense"]
[ECO "C58"]
[NIC "KP.01"]
[Time "12:30:58"]
[TimeControl "4200+10"]

1. e4 Nc6 2. Nf3 e5 3. Bc4 Nf6 4. Ng5 d5 5. exd5 Na5 6. Bb5+ Bd7 7. Bxd7+
Qxd7 8. Nc3 Nxd5 9. Nxd5 Qxd5 10. O-O h6 11. Qf3 Qxf3 12. Nxf3 Bd6 13. Re1
Nc6 14. d4 f6 15. d5 Nb4 16. Nd4 Nxd5 17. c4 Ne7 18. Nb5 O-O 19. c5 Bxc5 20.
Nxc7 Rac8 21. Ne6 Rfe8 22. Nxc5 Rxc5 23. Be3 Rc2 24. Bxa7 Rxb2 25. Reb1
Rxb1+ 26. Rxb1 Rc8 27. h3 Nc6 28. Rxb7 Ra8 29. Bc5 Rxa2 30. Rb6 Nd4 31. f4
Ne2+ 32. Kf1 Nxf4 33. g3 Nxh3 34. Be3 Kh7 35. Rb7 Kg6 36. g4 Ng5 37. Bc5 Ne6
38. Bd6 h5 39. Re7 Nf4 40. gxh5+ Nxh5 41. Re8 Kf5 42. Rh8 g6 43. Be7 Kf4 44.
Rg8 Kf3 45. Ke1 Rg2 46. Bc5 f5 47. Ra8 e4 48. Kf1 e3 49. Bxe3 Ng3+ 50. Ke1
Kxe3 51. Ra3+ Kf4 52. Kd1 Kg4 53. Ke1 f4 54. Ra4 g5 55. Ra5 f3 56. Ra4+ Kh3
57. Ra1 Re2+ 58. Kd1 f2 59. Kc1 f1=Q# {White checkmated} 0-1

[Event "ICC tourney 2148 (70 10)"]
[Site "Internet Chess Club"]
[Date "2020.11.22"]
[Round "4"]
[White "arjunbidani"]
[Black "Wubbs"]
[Result "0-1"]
[ICCResult "White checkmated"]
[WhiteElo "497"]
[BlackElo "878"]
[Opening "Queen's pawn game"]
[ECO "D00"]
[NIC "QP.07"]
[Time "12:30:15"]
[TimeControl "4200+10"]

1. d4 Nf6 2. Nc3 d5 3. g3 Bf5 4. Bg2 e6 5. Nf3 h6 6. O-O c5 7. Bf4 Nc6 8. e3
c4 9. Nb5 Rc8 10. Ne5 a6 11. Nxc6 Rxc6 12. Nc3 Bd6 13. Bxd6 Qxd6 14. Qd2 O-O
15. Rfe1 b5 16. a3 Ne4 17. Nxe4 Bxe4 18. f3 Bg6 19. e4 dxe4 20. fxe4 Rc7 21.
e5 Qb6 22. c3 Rd8 23. Rad1 Rcd7 24. Qf4 Bd3 25. Kh1 a5 26. Be4 Bxe4+ 27.
Rxe4 b4 28. axb4 axb4 29. Qd2 Qb7 30. Qg2 bxc3 31. bxc3 Qb3 32. Qd2 Ra8 33.
Ree1 Ra2 34. Qe3 Qb2 35. Qg1 Qxc3 36. Rf1 Qa3 37. Rf2 Ra7 38. Qg2 Ra1 39.
Rff1 Rxd1 40. Rxd1 Qb3 41. Rf1 Ra2 42. Qh3 c3 43. Qh5 Qb7+ 44. Kg1 Qg2#
{White checkmated}
0-1

[Event "ICC tourney 2148 (70 10)"]
[Site "Internet Chess Club"]
[Date "2020.11.22"]
[Round "4"]
[White "johnzabraham"]
[Black "auggie29"]
[Result "1-0"]
[ICCResult "Black checkmated"]
[WhiteElo "1081"]
[BlackElo "1058"]
[Opening "QGD: exchange, positional line"]
[ECO "D35"]
[NIC "QO.16"]
[Time "12:30:59"]
[TimeControl "4200+10"]

1. d4 d5 2. c4 e6 3. Nc3 Nf6 4. cxd5 exd5 5. Bg5 Nbd7 6. e3 c6 7. Bd3 Be7 8.
Nge2 h6 9. Bh4 Ne4 10. Nxe4 dxe4 11. Bxe7 Qxe7 12. Bc2 Nf6 13. h3 Bf5 14.
O-O O-O 15. Ng3 Bg6 16. Qd2 Rad8 17. Rad1 Rfe8 18. Rfe1 Qd6 19. Bb3 Rd7 20.
Ne2 Nd5 21. Bxd5 cxd5 22. Nf4 Red8 23. Rc1 b6 24. Rc2 Bf5 25. Rec1 Be6 26.
Rc6 Qe7 27. R1c3 Rd6 28. Qc2 Rxc6 29. Rxc6 Rd7 30. Kf1 Kf8 31. Rxe6 fxe6 32.
Ng6+ Kf7 33. Nxe7 Rxe7 34. Qc6 Kf6 35. b4 g5 36. g4 Kf7 37. a4 Kg6 38. a5
bxa5 39. bxa5 Kf7 40. a6 Kg6 41. Qb7 Kf6 42. Ke2 Kf7 43. Kd2 Ke8 44. Kc3 Rd7
45. Kb4 Kd8 46. Qb8+ Ke7 47. Kc5 Kf7 48. Qb7 Ke8 49. Kc6 Kf7 50. Qxd7+ Kg6
51. Qxa7 Kf6 52. Qd7 e5 53. dxe5+ Kg6 54. a7 d4 55. a8=R dxe3 56. Rg8#
{Black checkmated}
1-0

[Event "ICC tourney 2148 (70 10)"]
[Site "Internet Chess Club"]
[Date "2020.11.22"]
[Round "4"]
[White "apiguponarock"]
[Black "missqueen"]
[Result "0-1"]
[ICCResult "White resigns"]
[WhiteElo "825"]
[BlackElo "1055"]
[Opening "Scotch: Potter variation"]
[ECO "C45"]
[NIC "SO.05"]
[Time "12:31:08"]
[TimeControl "4200+10"]

1. e4 e5 2. Nf3 Nc6 3. d4 exd4 4. Nxd4 Bc5 5. Nb3 Bb6 6. Nc3 Nf6 7. Bg5 h6
8. Bh4 O-O 9. Qe2 Re8 10. O-O-O d6 11. f3 Bf5 12. Kb1 Be6 13. Bf2 Ne5 14.
Bd4 Bxb3 15. axb3 Bxd4 16. Rxd4 a5 17. Qf2 c6 18. Be2 b5 19. Rhd1 Qb6 20.
Qe1 b4 21. Na4 Qc7 22. Rxd6 Nd5 23. exd5 Qxd6 24. dxc6 Qxc6 25. Qf1 Rac8 26.
Rd2 Red8 27. Bb5 Qc7 28. Rxd8+ Rxd8 29. c4 Nd3 30. g3 Qe5 31. Ka2 Qd4 32.
Qh3 Nc1+ 33. Ka1 Nxb3+ 34. Ka2 Qd1 35. c5 Nc1+ 36. Kb1 b3 {White resigns}
0-1

[Event "ICC tourney 2148 (70 10)"]
[Site "Internet Chess Club"]
[Date "2020.11.22"]
[Round "4"]
[White "GoodOldBell"]
[Black "ccec28"]
[Result "0-1"]
[ICCResult "White checkmated"]
[WhiteElo "1094"]
[BlackElo "832"]
[Opening "Giuoco Pianissimo: Italian four knights variation"]
[ECO "C55"]
[NIC "IG.01"]
[Time "12:30:37"]
[TimeControl "4200+10"]

1. e4 e5 2. Nf3 Nc6 3. Bc4 Nf6 4. Nc3 Bc5 5. d3 h6 6. O-O d6 7. h3 O-O 8.
Be3 Nd4 9. Bxd4 exd4 10. Ne2 Nh5 11. Nfxd4 Qg5 12. Nf3 Qg6 13. Kh1 Qf6 14.
d4 Bb6 15. Ng3 Nf4 16. e5 dxe5 17. dxe5 Qc6 18. Bb3 Bd7 19. c3 Rad8 20. Qc2
Bxh3 21. Rg1 Bxg2+ 22. Rxg2 Qxf3 23. Qe4 Qg4 24. Rh2 Rd2 25. Bc2 g6 26. Nh5
Kh8 27. Nxf4 Rfd8 28. Rg1 Rd1 29. Bxd1 Rxd1 30. Qg2 Rxg1+ 31. Kxg1 Qxf4 32.
Qh3 h5 33. Qh4 Qxe5 34. Qb4 Qe1+ 35. Kg2 Qxf2+ 36. Kh3 Qf3+ 37. Kh4 Kg7 38.
Rd2 Be3 39. Rc2 g5# {White checkmated} 0-1

[Event "ICC tourney 2148 (70 10)"]
[Site "Internet Chess Club"]
[Date "2020.11.22"]
[Round "4"]
[White "pintormjajeff"]
[Black "artistqueen"]
[Result "0-1"]
[ICCResult "White resigns"]
[WhiteElo "1017"]
[BlackElo "1290"]
[Opening "Four knights: Nimzovich (Paulsen) variation"]
[ECO "C49"]
[NIC "KP.03"]
[Time "12:32:07"]
[TimeControl "4200+10"]

1. e4 e5 2. Nf3 Nf6 3. Nc3 Nc6 4. Bb5 Bb4 5. O-O O-O 6. Bxc6 dxc6 7. a3 Bd6
8. d4 exd4 9. Nxd4 Re8 10. Re1 Be5 11. Nf3 Bxc3 12. bxc3 Qxd1 13. Rxd1 Nxe4
14. Re1 Bf5 15. Bb2 h6 16. Nd4 Bg6 17. f3 Nf6 18. c4 c5 19. Nb5 c6 20. Nd6
Rxe1+ 21. Rxe1 b6 22. Bxf6 gxf6 23. Ne8 Bxc2 24. Nxf6+ Kg7 25. Ne8+ Kf8 26.
Nc7 Rc8 27. Na6 Bd3 28. Rc1 Rd8 29. a4 Rd4 30. Nb8 Bxc4 31. Nxc6 Rd6 32.
Nxa7 Rd7 33. Nc6 Bd5 34. Ne5 Rb7 35. Rd1 Bb3 36. Rd8+ Kg7 37. Ra8 Re7 38.
Nd3 c4 39. Nf4 c3 40. Rc8 c2 41. Nd3 Bxa4 42. g4 Re2 43. Kf1 Rd2 44. Rc3 Bb5
45. Ke1 Rd1+ 46. Ke2 Bxd3+ 47. Rxd3 Rxd3 48. Kxd3 c1=Q {White resigns} 0-1

[Event "ICC tourney 2148 (70 10)"]
[Site "Internet Chess Club"]
[Date "2020.11.22"]
[Round "4"]
[White "JaiO"]
[Black "Kentnar"]
[Result "1/2-1/2"]
[ICCResult "Game drawn by mutual agreement"]
[WhiteElo "987"]
[BlackElo "1151"]
[Opening "Giuoco Pianissimo"]
[ECO "C55"]
[NIC "IG.01"]
[Time "12:30:08"]
[TimeControl "4200+10"]

1. e4 e5 2. Nf3 Nc6 3. Bc4 Nf6 4. d3 Bc5 5. O-O O-O 6. Nc3 h6 7. Nd5 d6 8.
Be3 Bxe3 9. Nxe3 Na5 10. Bb3 Nxb3 11. axb3 Ng4 12. Qd2 Nxe3 13. Qxe3 a6 14.
b4 Bg4 15. Ra3 f5 16. Nd2 f4 17. Qe1 Qg5 18. f3 Bd7 19. Qf2 Rf6 20. Kh1 Rg6
21. Rg1 Qh5 22. g3 fxg3 23. Rxg3 Rf8 24. Rxg6 Qxg6 25. Qg3 Rf6 26. Qxg6 Rxg6
27. Ra1 Kf7 28. c4 Kf6 29. Rf1 Bh3 30. Rf2 Kg5 31. c5 Be6 32. Rg2+ Kf6 33.
Rxg6+ Kxg6 34. Kg2 {Game drawn by mutual agreement} 1/2-1/2

[Event "ICC tourney 2148 (70 10)"]
[Site "Internet Chess Club"]
[Date "2020.11.22"]
[Round "4"]
[White "EricCheng-131"]
[Black "tundrarules"]
[Result "1-0"]
[ICCResult "Black resigns"]
[WhiteElo "1108"]
[BlackElo "1085"]
[Opening "Two knights defense"]
[ECO "C58"]
[NIC "KP.01"]
[Time "12:30:28"]
[TimeControl "4200+10"]

1. e4 e5 2. Nf3 Nc6 3. Bc4 Nf6 4. Ng5 d5 5. exd5 Na5 6. Bb5+ c6 7. dxc6 bxc6
8. Bd3 h6 9. Ne4 Nd5 10. O-O Nf4 11. Be2 Be7 12. d3 O-O 13. Bxf4 exf4 14.
Qd2 f5 15. Nec3 Qc7 16. Bf3 Rb8 17. b3 Bf6 18. d4 Rd8 19. Ne2 Nb7 20. Qxf4
Qxf4 21. Nxf4 Bxd4 22. c3 Be5 23. Ng6 Bf6 24. Bxc6 Na5 25. Ba4 Bd7 26. Bxd7
Rxd7 27. Rc1 Rd3 28. Nf4 Rd6 29. Nh5 Rbd8 30. Nxf6+ gxf6 31. Na3 Nc6 32. Nc4
Rd3 33. Ne3 f4 34. Ng4 Kg7 35. f3 Rd2 36. b4 Rb2 37. Rd1 Rxa2 38. Rxa2 Rxd1+
39. Kf2 Rd7 40. Ra6 Rc7 41. Nxf6 Kxf6 42. b5 Ke5 43. Rxc6 Rxc6 44. bxc6 Kd6
45. Ke2 Kxc6 46. g4 Kd5 47. Kd2 Ke5 48. h4 a5 49. Kc2 Kf6 50. Kb3 Kg6 51.
Ka4 Kf6 52. Kxa5 Ke5 53. c4 Kd4 54. g5 hxg5 55. hxg5 Kxc4 56. g6 Kd5 57. g7
Kd4 58. g8=Q Ke3 59. Qg4 Ke2 60. Qxf4 {Black resigns} 1-0

[Event "ICC tourney 2148 (70 10)"]
[Site "Internet Chess Club"]
[Date "2020.11.22"]
[Round "4"]
[White "StockAlpha2020"]
[Black "truelegend17"]
[Result "1-0"]
[ICCResult "Black checkmated"]
[WhiteElo "1267"]
[BlackElo "888"]
[Opening "King's Indian: Makagonov system (5.h3)"]
[ECO "E71"]
[NIC "KI.30"]
[Time "12:30:19"]
[TimeControl "4200+10"]

1. d4 Nf6 2. c4 g6 3. Nc3 Bg7 4. e4 d6 5. h3 O-O 6. Be3 e5 7. d5 a5 8. Nf3
Na6 9. a3 Nc5 10. Bxc5 dxc5 11. Bd3 Re8 12. O-O Nh5 13. Ne2 f5 14. Re1 Nf6
15. Nc3 f4 16. Qd2 h6 17. b4 b6 18. bxc5 bxc5 19. Rab1 g5 20. Rb5 Qd6 21.
Na4 Bd7 22. Reb1 Bxb5 23. Rxb5 Nd7 24. Rxa5 Rxa5 25. Qxa5 Bf8 26. Qb5 Rb8
27. Qa5 Nb6 28. Nc3 Ra8 29. Qb5 Rxa3 30. Qb2 Ra8 31. Nb5 Qe7 32. Nd2 Nc8 33.
Be2 Nd6 34. Bg4 Rb8 35. Qa1 Nxb5 36. cxb5 Rxb5 37. Be6+ Kh7 38. Qxe5 Qg7 39.
Bf5+ Kh8 40. Qe8 Rb6 41. Qc8 h5 42. e5 g4 43. hxg4 hxg4 44. Bxg4 Rh6 45. Nc4
Rh7 46. d6 cxd6 47. Nxd6 Qh6 48. Bh3 f3 49. Nf5 Qc1+ 50. Kh2 Qf4+ 51. g3
Qxf5 52. Qxf5 Kg8 53. Qxf3 c4 54. Qd5+ Kh8 55. Qxc4 Kg7 56. Kg2 Kh8 57. f4
Rg7 58. f5 Rh7 59. f6 Rh6 60. Qf7 Rxh3 61. Qxf8+ Kh7 62. Qg7# {Black
checkmated} 1-0

[Event "ICC tourney 2148 (70 10)"]
[Site "Internet Chess Club"]
[Date "2020.11.22"]
[Round "4"]
[White "whale-lines"]
[Black "jackhilgenberg"]
[Result "1-0"]
[ICCResult "Black checkmated"]
[WhiteElo "977"]
[BlackElo "1114"]
[Opening "Caro-Kann defense"]
[ECO "B15"]
[NIC "CK.05"]
[Time "12:30:20"]
[TimeControl "4200+10"]

1. e4 c6 2. d4 d5 3. Nc3 Nf6 4. e5 Ne4 5. Nxe4 dxe4 6. c3 Bf5 7. f3 e6 8.
fxe4 Bxe4 9. Nf3 c5 10. Bd3 Bxd3 11. Qxd3 Qc7 12. O-O Nd7 13. Ng5 h6 14.
Nxf7 Rg8 15. Qh7 Nf6 16. Rxf6 gxf6 17. Qxg8 Qxf7 18. Qxf7+ Kxf7 19. exf6
Kxf6 20. dxc5 Bxc5+ 21. Kf1 Kg6 22. Ke2 a6 23. Be3 Bd6 24. h3 Rf8 25. Rf1
Rf5 26. Rxf5 exf5 27. b3 Kh5 28. Kf3 Kh4 29. Bxh6 Be5 30. c4 Bc3 31. Be3 Be5
32. Bf4 Bd4 33. Bg3+ Kg5 34. Bf4+ Kh4 35. g4 fxg4+ 36. hxg4 Bc5 37. Bh6 Bd6
38. g5 Kh5 39. Ke4 Bc5 40. Kd5 b6 41. a4 Kg6 42. Kc6 Kf7 43. Kb7 a5 44. Kc6
Kg6 45. Kd5 Kf7 46. Ke5 Kg6 47. Ke6 Kh7 48. Kf7 Bd4 49. Bf8 Be3 50. g6+ Kh8
51. Bg7# {Black checkmated} 1-0

[Event "ICC tourney 2148 (70 10)"]
[Site "Internet Chess Club"]
[Date "2020.11.22"]
[Round "5"]
[White "hollydood"]
[Black "AtharvRB"]
[Result "0-1"]
[ICCResult "White resigns"]
[WhiteElo "682"]
[BlackElo "147"]
[Opening "Giuoco Piano: four knights variation"]
[ECO "C55"]
[NIC "IG.01"]
[Time "16:08:22"]
[TimeControl "4200+10"]

1. e4 e5 2. Bc4 Nc6 3. Nf3 Nf6 4. Nc3 Bc5 5. O-O d6 6. h3 h5 7. d3 Ng4 8.
hxg4 hxg4 9. Nd2 Qh4 10. Bxf7+ Kxf7 11. Qf3+ gxf3 {White resigns} 0-1

[Event "ICC tourney 2148 (70 10)"]
[Site "Internet Chess Club"]
[Date "2020.11.22"]
[Round "5"]
[White "chesspen2011"]
[Black "sammu"]
[Result "1-0"]
[ICCResult "Black resigns"]
[WhiteElo "940"]
[BlackElo "516"]
[Opening "King's pawn game"]
[ECO "C50"]
[NIC "IG.03"]
[Time "16:08:04"]
[TimeControl "4200+10"]

1. e4 e5 2. Nf3 Nc6 3. Bc4 Nd4 4. O-O Nxf3+ 5. Qxf3 Nh6 6. d4 Qe7 7. dxe5 d6
8. exd6 cxd6 9. Bxh6 gxh6 10. Nc3 Bg7 11. Nd5 Qd7 12. Nf6+ Bxf6 13. Qxf6 O-O
14. Rfe1 a6 15. Re3 b5 16. Rg3+ {Black resigns} 1-0

[Event "ICC tourney 2148 (70 10)"]
[Site "Internet Chess Club"]
[Date "2020.11.22"]
[Round "5"]
[White "aidanpatty"]
[Black "JCJ2018"]
[Result "1-0"]
[ICCResult "Black checkmated"]
[WhiteElo "1242"]
[BlackElo "1037"]
[Opening "QGD: exchange, positional line"]
[ECO "D35"]
[NIC "QO.16"]
[Time "16:08:00"]
[TimeControl "4200+10"]

1. d4 d5 2. c4 e6 3. Nc3 Nf6 4. cxd5 exd5 5. Bg5 Bb4 6. e3 h6 7. Bxf6 Qxf6
8. Bd3 Bf5 9. Ne2 Bxd3 10. Qxd3 Nc6 11. O-O O-O 12. Nxd5 Qd6 13. Nxb4 Nxb4
14. Qc4 Rab8 15. a3 b5 16. Qxb4 Qxb4 17. axb4 Rb7 18. Rfc1 Re8 19. Nf4 Rd8
20. Rc5 Rd6 21. Nd5 c6 22. Nf4 g5 23. Nd3 Rc7 24. Ra6 f6 25. Nc1 Rd5 26.
Raxc6 Rxc5 27. Rxc5 Rxc5 28. bxc5 Kf7 29. b4 Ke7 30. e4 Kd7 31. d5 Kc7 32.
Nb3 Kd7 33. f3 Kc7 34. Kf2 Kd7 35. Ke3 Kc7 36. g4 Kd7 37. Kd4 Kc7 38. d6+
Kc6 39. Na5+ Kd7 40. Kd5 h5 41. gxh5 g4 42. fxg4 f5 43. gxf5 a6 44. h6 Kd8
45. h7 Kd7 46. c6+ Ke8 47. h8=Q+ Kf7 48. Qh7+ Kf6 49. Qg6# {Black
checkmated} 1-0

[Event "ICC tourney 2148 (70 10)"]
[Site "Internet Chess Club"]
[Date "2020.11.22"]
[Round "5"]
[White "ryc2009"]
[Black "mgelgi"]
[Result "1-0"]
[ICCResult "Black resigns"]
[WhiteElo "660"]
[BlackElo "869"]
[Opening "King's pawn game"]
[ECO "C50"]
[NIC "IG.03"]
[Time "16:08:17"]
[TimeControl "4200+10"]

1. e4 e5 2. Nf3 Nc6 3. Bc4 h6 4. O-O Nf6 5. Nc3 Bc5 6. d3 d6 7. h3 Qe7 8.
Be3 Bxe3 9. fxe3 Be6 10. Bxe6 Qxe6 11. d4 exd4 12. exd4 Nxe4 13. Nxe4 Qxe4
14. Re1 Qxe1+ 15. Qxe1+ Ne7 16. Qe2 Kf8 17. Re1 Re8 18. Qf2 Nd5 19. Rf1 Ne3
20. Re1 Nf5 21. g4 Ne7 22. Rf1 Nd5 23. Ng5 Nf6 24. Nf3 Ne4 25. Qg2 Ng5 26.
Nxg5 hxg5 27. Qf3 f6 28. Qxb7 Rxh3 29. Qg2 Rhe3 30. Qf2 Re2 31. Qg3 Rxc2 32.
Re1 Rxb2 33. Rxe8+ Kxe8 34. Qe3+ Kf8 35. Qa3 Rb1+ 36. Kf2 Rb5 37. Qxa7 Rb2+
38. Kf3 Rc2 39. a4 Rc3+ 40. Ke2 c5 41. dxc5 dxc5 42. Kd2 Rg3 43. Qxc5+ Kf7
44. a5 Rxg4 45. a6 Rg2+ 46. Ke1 Rh2 47. Qc7+ Kg6 48. Qxh2 Kf5 49. a7 g4 50.
a8=Q g5 51. Qe8 g3 52. Qxg3 g4 53. Qf2+ Kg5 54. Qg8+ Kh5 {Black resigns} 1-0

[Event "ICC tourney 2148 (70 10)"]
[Site "Internet Chess Club"]
[Date "2020.11.22"]
[Round "5"]
[White "jackhilgenberg"]
[Black "siddham"]
[Result "0-1"]
[ICCResult "White checkmated"]
[WhiteElo "993"]
[BlackElo "689"]
[Opening "Caro-Kann: Panov-Botvinnik attack"]
[ECO "B13"]
[NIC "CK.02"]
[Time "16:08:25"]
[TimeControl "4200+10"]

1. e4 c6 2. d4 d5 3. exd5 cxd5 4. c4 dxc4 5. Bxc4 Bf5 6. Qb3 e6 7. Qxb7 Nd7
8. Bb5 Nf6 9. Bg5 Be4 10. Bxd7+ Qxd7 11. Qxd7+ Nxd7 12. f3 Bf5 13. Nd2 Be7
14. Bxe7 Kxe7 15. Ne4 Rhe8 16. Ne2 Kf8 17. O-O Nb6 18. Rac1 Red8 19. Rc7 Nd5
20. Rb7 a5 21. Ng5 Bg6 22. Rc1 h6 23. Ne4 Rab8 24. Ra7 Rxb2 25. N4c3 Nxc3
26. Nxc3 Rxd4 27. Nb5 Rd8 28. Nd6 Kg8 29. Nb7 Rdd2 30. Nxa5 Rxg2+ 31. Kf1
Bd3+ 32. Ke1 Rg1# {White checkmated} 0-1

[Event "ICC tourney 2148 (70 10)"]
[Site "Internet Chess Club"]
[Date "2020.11.22"]
[Round "5"]
[White "missqueen"]
[Black "EricCheng-131"]
[Result "1-0"]
[ICCResult "Black checkmated"]
[WhiteElo "1079"]
[BlackElo "1081"]
[Opening "Giuoco Piano: Möller (Therkatz) attack"]
[ECO "C54"]
[NIC "IG.02"]
[Time "16:08:43"]
[TimeControl "4200+10"]

1. e4 e5 2. Nf3 Nc6 3. Bc4 Bc5 4. c3 Nf6 5. d4 exd4 6. cxd4 Bb4+ 7. Nc3 Nxe4
8. O-O Bxc3 9. d5 Ne5 10. bxc3 Nxc4 11. Qd4 Ncd6 12. Qxg7 Qf6 13. Qxf6 Nxf6
14. Re1+ Kd8 15. Bg5 Ne8 16. Rxe8+ Kxe8 17. Re1+ Kf8 18. Bh6+ Kg8 19. Re5
Ne4 20. Re8# {Black checkmated} 1-0

[Event "ICC tourney 2148 (70 10)"]
[Site "Internet Chess Club"]
[Date "2020.11.22"]
[Round "5"]
[White "EthanDember"]
[Black "KIDFIRE"]
[Result "0-1"]
[ICCResult "White resigns"]
[WhiteElo "1071"]
[BlackElo "836"]
[Opening "Caro-Kann: advance variation"]
[ECO "B12"]
[NIC "CK.04"]
[Time "16:08:07"]
[TimeControl "4200+10"]

1. e4 c6 2. d4 d5 3. e5 Bf5 4. Nf3 e6 5. h3 Bb4+ 6. c3 Bxb1 7. Rxb1 Ba5 8.
Bd2 Ne7 9. Bd3 Nd7 10. O-O Qc7 11. b4 Bb6 12. a4 a6 13. a5 Ba7 14. Qc2 O-O-O
15. Ng5 Rdf8 16. Nxh7 Rfg8 17. Ng5 f6 18. Nxe6 Qb8 19. exf6 gxf6 20. Nf4 Rh4
21. Qc1 f5 22. Be3 Ng6 23. Nxg6 Rxg6 24. Bxf5 Rg8 25. Qd2 Qc7 26. Qe2 Bb8
27. g3 Rf8 28. Bg4 Rhh8 29. Bf4 Qd8 30. Bxb8 Kxb8 31. Qe6 Nf6 32. Qe5+ Ka8
33. Qg5 Rfg8 34. Qf4 Nxg4 35. hxg4 Rf8 36. Qd2 Qd7 37. Qe2 Qh7 {White
resigns} 0-1

[Event "ICC tourney 2148 (70 10)"]
[Site "Internet Chess Club"]
[Date "2020.11.22"]
[Round "5"]
[White "srm2010"]
[Black "Judtyr123"]
[Result "0-1"]
[ICCResult "White checkmated"]
[WhiteElo "464"]
[BlackElo "1062"]
[Opening "Van't Kruijs opening"]
[ECO "A00"]
[Time "16:08:34"]
[TimeControl "4200+10"]

1. e3 e5 2. Nf3 Nc6 3. Bb5 a6 4. Bxc6 dxc6 5. O-O Bd6 6. b3 Bg4 7. h3 Bh5 8.
Ba3 Bxa3 9. Nxa3 e4 10. g4 exf3 11. Qxf3 Qg5 12. Qe4+ Ne7 13. Kh2 Bg6 14.
Qf4 Qxf4+ 15. exf4 h6 16. Rfe1 Kd7 17. Nc4 f6 18. g5 hxg5 19. fxg5 Nd5 20.
gxf6 Nxf6 21. Ne5+ Kd6 22. Nxg6 Rh6 23. Ne7 Rh5 24. Ng6 Rg5 25. Ne7 Re8 26.
Nf5+ Rxf5 27. Rxe8 Nxe8 28. Re1 Nf6 29. a4 Rxf2+ 30. Kg3 Rxd2 31. Rc1 Kc5
32. Kf4 Rd5 33. c4 Rh5 34. Kg3 Ne4+ 35. Kg4 Nf6+ 36. Kf4 Rxh3 37. b4+ Kb6
38. c5+ Ka7 39. Rf1 Rh4+ 40. Kg3 Rg4+ 41. Kh3 Rxb4 42. a5 Rb3+ 43. Kh4 Rc3
44. Rf5 Rc4+ 45. Kg5 Rg4# {White checkmated} 0-1

[Event "ICC tourney 2148 (70 10)"]
[Site "Internet Chess Club"]
[Date "2020.11.22"]
[Round "5"]
[White "kleilei"]
[Black "saharsh2"]
[Result "0-1"]
[ICCResult "White checkmated"]
[WhiteElo "113"]
[BlackElo "1029"]
[Opening "Giuoco Pianissimo: Italian four knights variation"]
[ECO "C50"]
[NIC "IG.02"]
[Time "16:08:37"]
[TimeControl "4200+10"]

1. e4 e5 2. Nf3 Nc6 3. Bc4 Bc5 4. Nc3 Nf6 5. d3 O-O 6. O-O d6 7. a3 Bg4 8.
b4 Bb6 9. h3 Bxf3 10. Qxf3 Nd4 11. Qd1 Nc6 12. Bg5 h6 13. Bxf6 Qxf6 14. Nd5
Qd8 15. a4 a6 16. a5 Bd4 17. Rb1 Ne7 18. Nxe7+ Qxe7 19. Re1 Qf6 20. Rf1 Qe7
21. Rc1 b5 22. Bb3 c6 23. c3 Ba7 24. Re1 Qf6 25. Rf1 Rfe8 26. Rc2 Qe7 27.
Re1 Rad8 28. Qe2 Qf6 29. Qd1 c5 30. Re3 Qe7 31. Ree2 Kh8 32. Qe1 Rg8 33. Kh1
g5 34. Qd2 Rg7 35. Qe1 Rdg8 36. Qd2 Kh7 37. Rc1 g4 38. Rg1 gxh3 39. Kh2 hxg2
40. Re3 c4 41. dxc4 Bxe3 42. fxe3 bxc4 43. Bxc4 Qh4# {White checkmated} 0-1

[Event "ICC tourney 2148 (70 10)"]
[Site "Internet Chess Club"]
[Date "2020.11.22"]
[Round "5"]
[White "leonlunachen"]
[Black "adichi"]
[Result "1-0"]
[ICCResult "Black checkmated"]
[WhiteElo "745"]
[BlackElo "846"]
[Opening "French: advance, Paulsen attack"]
[ECO "C02"]
[NIC "FR.03"]
[Time "16:08:09"]
[TimeControl "4200+10"]

1. e4 e6 2. d4 d5 3. e5 c5 4. c3 Nc6 5. Nf3 Qb6 6. a3 Bd7 7. b4 c4 8. Bf4
Nge7 9. Nbd2 Ng6 10. Bg3 Be7 11. Be2 O-O 12. h4 Rfb8 13. h5 Nf8 14. h6 g6
15. Bh4 Qd8 16. Nf1 Bxh4 17. Rxh4 a5 18. Qd2 Ne7 19. g4 axb4 20. cxb4 Ba4
21. Ng5 Nd7 22. Qf4 b5 23. Qxf7+ Kh8 24. Qxh7# {Black checkmated} 1-0

[Event "ICC tourney 2148 (70 10)"]
[Site "Internet Chess Club"]
[Date "2020.11.22"]
[Round "5"]
[White "yesiwillbeatyou"]
[Black "sshear110"]
[Result "1-0"]
[ICCResult "Black checkmated"]
[WhiteElo "217"]
[BlackElo "570"]
[Opening "Sicilian: closed"]
[ECO "B23"]
[NIC "SI.44"]
[Time "16:08:02"]
[TimeControl "4200+10"]

1. e4 c5 2. Nc3 e6 3. f4 d5 4. exd5 exd5 5. Nf3 Bg4 6. h3 Bxf3 7. Qxf3 Nf6
8. d3 Be7 9. f5 d4 10. Qxb7 Nbd7 11. Nb5 Qa5+ 12. Bd2 Qb6 13. Qxa8+ Qb8 14.
Qxb8+ Nxb8 15. O-O-O O-O 16. Nxa7 Nbd7 17. Nb5 Nd5 18. Be2 h6 19. Rhg1 Ra8
20. a3 N7f6 21. Bf3 Ra5 22. Bxa5 Ne3 23. Rde1 Nh7 24. Bd2 Nxf5 25. Bg4 Bh4
26. Re8+ Nf8 27. Bxf5 Bf2 28. Rf1 Bg3 29. Be1 Bxe1 30. Rfxe1 g6 31. Bg4 Kg7
32. Kd2 Nh7 33. R1e7 Nf6 34. Rc8 Nd5 35. Ree8 Nb6 36. Rg8+ Kf6 37. Rcd8 Na4
38. Rd5 Nxb2 39. Nd6 Na4 40. Ne4+ Ke7 41. Rd7# {Black checkmated} 1-0